 Dungeon Crawl Stone Soup version 0.28-a0-750-g7c675f85b1 (webtiles) character file.

Game seed: 12472248505137419357

917 croobank the Cudgeller (level 7, -4/70 HPs)
             Began as a Troll Berserker on Oct 29, 2021.
             Was a Priest of Trog.
             Slain by a yak (16 damage)
             ... on level 5 of the Dungeon.
             The game lasted 00:22:05 (3785 turns).

croobank the Cudgeller (Troll Berserker)            Turns: 3785, Time: 00:22:05

Health: -4/70      AC:  4    Str: 28    XL:     7   Next: 83%
Magic:  6/6        EV: 10    Int:  3    God:    Trog [***...]
Gold:   59         SH:  0    Dex:  9    Spells: 6/6 levels left

rFire   . . .      SeeInvis .   p - +0 morningstar
rCold   . . .      Faith    +   (no shield)
rNeg    . . .      Spirit   .   b - +0 animal skin
rPois   .          Reflect  .   (helmet restricted)
rElec   .          Harm     .   (no cloak)
rCorr   .          Rampage  .   (gloves unavailable)
Will    ++...                   (boots unavailable)
Stlth   +.........              u - amulet of faith
HPRegen 2.21/turn               (no ring)
MPRegen 0.10/turn               (no ring)

@: strong-willed, on berserk cooldown, regenerating, hasted and slowed
A: large, unfitting armour, claws 3, regeneration 1, shaggy fur 1, tough skin 1
a: Renounce Religion, Berserk, Trog's Hand


You were on level 5 of the Dungeon.
You worshipped Trog.
Trog was most pleased with you.
You visited 1 branch of the dungeon, and saw 5 of its levels.

You collected 176 gold pieces.
You spent 117 gold pieces at shops.

Inventory:

Hand Weapons
 a - a +0 mace
 c - a +0 club
 i - a +0 scythe
 l - a +1 hand axe of freezing
 p - a +0 morningstar (weapon)
 r - a +1 dagger of speed
 z - a +0 whip of venom
 B - a +1 rapier of venom
Missiles
 h - 2 boomerangs of dispersal (quivered)
 k - a throwing net
 D - 10 poisoned darts
Armour
 b - a +0 animal skin (worn)
 j - a +0 robe
 m - a +2 tower shield
Jewellery
 u - an amulet of faith (around neck)
Scrolls
 d - 6 scrolls of identify
 o - 2 scrolls of immolation {unknown}
 q - a scroll of fear {unknown}
 v - a scroll of fog {unknown}
 x - a scroll of brand weapon {unknown}
 y - 2 scrolls of teleportation
 A - a scroll of enchant armour {unknown}
 E - a scroll of noise {unknown}
Potions
 e - a potion of lignification {unknown}
 f - a potion of ambrosia {unknown}
 n - a potion of flight {unknown}
 s - 2 potions of curing
 w - a potion of cancellation {unknown}
 C - 2 potions of degeneration


   Skills:
 + Level 4.0 Fighting
 + Level 6.3 Maces & Flails
 + Level 0.2 Throwing
 + Level 4.6 Dodging
 + Level 0.4 Stealth


You had 6 spell levels left.
You didn't know any spells.
Your spell library was empty.

Dungeon Overview and Level Annotations

Branches:
Dungeon (5/15)             Temple (0/1) D:5

Altars:
Ashenzari
Dithmenos
Nemelex Xobeh
Ru
Trog
Wu Jian
The Shining One

Shops:
D:1 *


Innate Abilities, Weirdness & Mutations

You are too large for most types of armour.
You have claws for hands.
Your natural rate of healing is unusually fast.
You are covered in fur. (AC +1)
You have tough skin. (AC +1)


Message History

The yak closely misses you.
You puncture the yak!
You kill the yak!
Trog accepts your kill. The yak gores you.
* * * LOW HITPOINT WARNING * * *
Your Fighting skill increases to level 4!
You barely miss the yak. You barely miss the yak.
A yak comes into view.
The yak barely misses you.
You puncture the yak!
The yak is moderately wounded.
The yak gores you!
* * * LOW HITPOINT WARNING * * *
You are no longer berserk.
You are exhausted.
You feel yourself slow down.
You feel much better. The yak gores you! The yak gores you but does no damage.
The yak gores you!
* * * LOW HITPOINT WARNING * * *
You feel yourself speed up. The yak gores you!
* * * LOW HITPOINT WARNING * * *
The yak closely misses you. The yak closely misses you.
Okay, then.
Your skin crawls.
You feel strong-willed. The yak gores you!
* * * LOW HITPOINT WARNING * * *
You feel better. The yak gores you but does no damage.
You barely miss the yak. The yak gores you.
* * * LOW HITPOINT WARNING * * *
You sock the yak!
The yak is heavily wounded.
The yak barely misses you.
You completely miss the yak.
The yak is heavily wounded.
The yak gores you!
You die...

##.#.##.##.#.##
##.#.##.#.##.#.## .
##.#.##.#†#.##.#.## .
##.#.##.#...#.##.#.##
.
#.#.##(...##.#.##.#.#
.####### ##.#.YY#5##
.##.#.## ...#...#
##.#.#Y## ##.#.##
...#.#.### ##.#Y##
##.#)## ...#.#...#
##@## ##.#.##
.......#.# ###
##.#.## .#(#.#.#.#
##.#.## #.#.#.#.#
##.#.##
#.#.#.#.######
##.#.##
#<#.#........#
##.#.##
##.#.#...<....#
##.#.##
...#.#........#
#...##
####..........# #..##


You could see 4 yaks and an ufetubus.

Vanquished Creatures
  Sigmund (D:2)
  2 yaks (D:5)
  Eustachio (D:4)
  A scorpion (D:5)
  A bullfrog zombie (D:5)
  An orc priest (D:5)
  Jessica (D:2)
  Terence (D:2)
  An orc wizard (D:5)
  2 adders
  A worm (D:4)
  4 dart slugs
  12 orcs
  6 ball pythons
  11 endoplasms
  3 giant cockroaches
  5 goblins
  8 hobgoblins
  8 jackals
  3 quokkas (D:1)
  5 bats
  A frilled lizard (D:1)
  8 kobolds
  6 rats
93 creatures vanquished.

Vanquished Creatures (others)
  3 plants (D:4)
3 creatures vanquished.

Grand Total: 96 creatures vanquished

Notes
Turn   | Place    | Note
-------+----------+-------------------------------------------
     0 | D:1      | croobank the Troll Berserker began the quest for the Orb.
     0 | D:1      | Reached XP level 1. HP: 22/22 MP: 0/0
    16 | D:1      | Found Sediuler's General Store.
   118 | D:1      | Reached XP level 2. HP: 29/29 MP: 1/1
   156 | D:1      | Reached skill level 3 in Maces & Flails
   311 | D:1      | Reached XP level 3. HP: 27/36 MP: 2/2
   354 | D:1      | Reached ** piety under Trog
   519 | D:1      | Found a faded altar of an unknown god.
   577 | D:2      | Noticed Sigmund
   697 | D:2      | Killed Sigmund
   698 | D:2      | Reached skill level 4 in Maces & Flails
   698 | D:2      | Reached XP level 4. HP: 29/45 MP: 3/3
   698 | D:2      | Reached XP level 5. HP: 34/53 MP: 4/4
   778 | D:2      | Noticed Terence
   792 | D:2      | Killed Terence
  1278 | D:2      | Noticed Jessica
  1293 | D:2      | Killed Jessica
  1294 | D:2      | Reached XP level 6. HP: 48/61 MP: 5/5
  1862 | D:3      | Reached *** piety under Trog
  2518 | D:4      | Found a sacrificial altar of Ru.
  2523 | D:4      | Found a shadowy altar of Dithmenos.
  2587 | D:4      | Found an ornate altar of the Wu Jian Council.
  2822 | D:4      | Found a glowing golden altar of the Shining One.
  2934 | D:4      | Found a sparkling altar of Nemelex Xobeh.
  2946 | D:4      | Noticed Eustachio
  3035 | D:4      | Killed Eustachio
  3036 | D:4      | Reached skill level 5 in Maces & Flails
  3038 | D:4      | HP: 1/61 [poisoned by Eustachio]
  3124 | D:4      | Found a broken altar of Ashenzari.
  3165 | D:4      | Found a bloodstained altar of Trog.
  3474 | D:1      | Bought 2 potions of degeneration for 26 gold pieces
  3474 | D:1      | Bought a scroll of identify for 26 gold pieces
  3474 | D:1      | Bought a scroll of teleportation for 39 gold pieces
  3474 | D:1      | Bought a scroll of identify for 26 gold pieces
  3568 | D:5      | Entered Level 5 of the Dungeon
  3598 | D:5      | Found a staircase to the Ecumenical Temple.
  3628 | D:5      | Reached XP level 7. HP: 40/67 MP: 6/6
  3751 | D:5      | Noticed a yak
  3752 | D:5      | Noticed a yak
  3755 | D:5      | Noticed a yak
  3758 | D:5      | Noticed a yak
  3759 | D:5      | Noticed a yak
  3764 | D:5      | Killed a yak
  3765 | D:5      | Reached skill level 6 in Maces & Flails
  3770 | D:5      | Killed a yak
  3772 | D:5      | Noticed a yak
  3781 | D:5      | HP: 3/70 [yak (12)]
  3785 | D:5      | Slain by a yak

Illustrated notes

Levels and vault maps discovered:
D:1:      dpeg_arrival_castle, layout_rooms,
          shapermc_ecumenical_altar_hornbeckon, serial_shops, shop
D:2:      layout_loops_cross, uniq_jessica, uniq_sigmund, uniq_terence
D:3:      layout_basic
D:4:      layout_loops_corners, nicolae_wu_jian_wuxing_cycle,
          nicolae_overflow_hidden_temple, nemelex_diamond_rough_becter,
          tso_altar, minitemple, serial_forest, infiniplex_forest_lined_2,
          infiniplex_forest_lined_room_, infiniplex_forest_straight_2,
          infiniplex_forest_split, infiniplex_forest_clump_cross,
          infiniplex_forest_straight_3, infiniplex_forest_end_3, uniq_eustachio
D:5:      minmay_inner_zag, layout_basic, temple_green

Skill      XL: |  1  2  3  4  5  6  7 |
---------------+----------------------+-----
Maces & Flails | 3 4 5 6 |  6.3
Fighting       | 3 4 |  4.0
Dodging        | 3 4 |  4.6
Throwing       | |  0.2
Stealth        | |  0.4

Action                   |  1- 3 |  4- 6 |  7- 9 || total
-------------------------+-------+-------+-------++-------
Melee: Mace              |   117 |   225 |       ||   342
       Morningstar       |       |    11 |    39 ||    50
Throw: Boomerang         |     2 |       |       ||     2
       Throwing net      |     1 |       |       ||     1
Invok: Berserk           |     1 |     2 |     1 ||     4
       Trog's Hand       |       |       |     1 ||     1
  Use: Potion            |       |     1 |     3 ||     4
       Scroll            |       |     1 |       ||     1
 Stab: Sleeping          |     1 |       |       ||     1
Armor: Animal skin       |    64 |   108 |    10 ||   182
Dodge: Dodged            |    63 |   185 |    17 ||   265

Table legend: (Time is in decaauts)
 A = Elapsed time spent in this place.
 B = Non-inter-level travel time spent in this place.
 C = Inter-level travel time spent in this place.
 D = Time resting spent in this place.
 E = Time spent auto-exploring this place.
 F = Levels seen in this place.
 G = Mean time per level.
                   A        B        C        D        E       F      G
               +--------+--------+--------+--------+--------+-----+--------+
         Total |   3899 |   3621 |    278 |     25 |   2498 |   5 |  779.8 |
       Dungeon |   3899 |   3621 |    278 |     25 |   2498 |   5 |  779.8 |
               +--------+--------+--------+--------+--------+-----+--------+

Top non-repeatable levels by time:
     D:4: 1342 daAuts
     D:2: 823 daAuts
     D:3: 783 daAuts
     D:1: 727 daAuts
     D:5: 222 daAuts
